 Dungeon Crawl Stone Soup version 0.20.1-1-g8b1a95d (webtiles) character file.

313 Taban the Chopper (level 6, -2/72 HPs)
             Began as a Human Berserker on Nov 20, 2017.
             Was a Believer of Trog.
             Slain by Folque's ghost (5 damage)
             ... on level 3 of the Dungeon.
             The game lasted 00:25:53 (2135 turns).

Taban the Chopper (Human Berserker)                 Turns: 2135, Time: 00:25:54

Health: -2/72      AC:  4    Str: 23    XL:     6   Next: 71%
Magic:  6/6        EV: 13    Int:  7    God:    Trog [**....]
Gold:   72         SH:  3    Dex: 14    Spells: 5/5 levels left

rFire    + + .     SeeInvis +   o - +4 whip
rCold    . . .     Gourm    .   e - +0 buckler
rNeg     . . .     Faith    .   z - +0 robe
rPois    +         Spirit   .   B - +0 helmet
rElec    +         Reflect  .   (no cloak)
rCorr    +         Harm     .   (no gloves)
MR       .....                  s - +0 pair of boots
Stlth    ..........             (no amulet)
Regen    0.3/turn               A - ring of see invisible
MPRegen  0.1/turn               c - ring of fire

@: berserking (expiring), resistant, very quick
A: no striking features
a: Berserk, Trog's Hand, Burn Spellbooks, Renounce Religion


You were on level 3 of the Dungeon.
You worshipped Trog.
Trog was pleased with you.
You were not hungry.

You visited 1 branch of the dungeon, and saw 3 of its levels.

You collected 72 gold pieces.

Inventory:

Hand Weapons
 a - a +1 hand axe
 f - a +0 club
 g - a +0 spear
 k - a +0 dagger of electrocution
 m - a +0 hand axe
 o - a +4 whip (weapon)
 r - a +0 short sword
 w - a +1 dagger of electrocution
 y - a +0 scythe
 C - a +0 club
Missiles
 l - 39 bolts
 n - a tomahawk of dispersal (quivered)
Armour
 b - a +0 animal skin
 e - a +0 buckler (worn)
 s - a +0 pair of boots (worn)
 u - a +0 scale mail
 z - a +0 robe (worn)
 B - a +0 helmet (worn)
Jewellery
 c - a ring of fire (right hand)
 h - an uncursed ring of magical power
 A - a ring of see invisible (left hand)
Scrolls
 j - a scroll of noise
 p - 2 scrolls of remove curse
 v - a scroll of enchant armour {unknown}
Potions
 i - 2 potions of brilliance
 x - a potion of lignification {unknown}
Comestibles
 d - a meat ration
 D - a royal jelly


   Skills:
 + Level 4.1 Fighting
 + Level 4.4(4.7) Axes
 + Level 2.2(3.6) Maces & Flails
 + Level 0.4 Throwing
 + Level 2.4 Armour
 + Level 3.5 Dodging
 + Level 0.4 Stealth
 + Level 0.6 Shields


You had 5 spell levels left.
You didn't know any spells.

Dungeon Overview and Level Annotations

Branches:
Dungeon (3/15)

Altars:
Cheibriados
Fedhas
Hepliaklqana
Makhleb
Ru
Sif Muna
Trog
The Shining One

Portals:
Sewer: D:3

Annotations:
D:3 Folque's ghost, amateur OpWz


Message History

It was a potion of resistance.
You feel protected. The orc closely misses you.
Folque's ghost closely misses you.
It was a potion of berserk rage.
A red film seems to cover your vision as you go berserk!
You feel yourself moving faster!
You feel mighty! The orc closely misses you. Folque's ghost hits you.
* * * LOW HITPOINT WARNING * * *
You feel a strong urge to attack something.
You are too berserk!
The orc closely misses you. You block Folque's ghost's attack.
A worm comes into view.
You hit the orc.
The orc is severely wounded.
You closely miss the orc.
The orc is severely wounded.
The orc hits you with a mace.
* * * LOW HITPOINT WARNING * * *
Folque's ghost hits you.
You die...

.... ####### .#
.....##.^...###.#
..ow............. #w......#
...... ##(.....+ ......
#.w.....# ###### [.≈#..#
#.......# #.(... ≈≈≈≈...
#oW.....# #..... ≈≈≈≈≈#.
#.@†....# #.....
≈≈≈≈≈≈.##.......######.....
≈∩≈≈≈...#.......'....'.....
≈≈≈≈≈≈..†(......######.....
≈≈≈≈≈#.##.)..........'.....
≈≈≈ ... #.##'#'#.#####.....
#...#..# #.#....#...###.....
.......###.#..####..........
#......####..# #..).......


You could see 2 worms, Folque's ghost and an orc.

Vanquished Creatures
  Sigmund (D:2)
  An orc priest (D:3)
  Robin (D:3)
  2 adders
  An ooze (D:2)
  3 worms
  2 dart slugs
  4 leopard geckos
  5 orcs (D:3)
  2 giant cockroaches (D:1)
  19 goblins
  5 hobgoblins
  4 kobolds (D:2)
  A quokka (D:2)
  A ball python (D:3)
  5 bats
  2 frilled lizards
  11 rats
70 creatures vanquished.

Notes
Turn   | Place    | Note
-------+----------+-------------------------------------------
     0 | D:1      | Taban the Human Berserker began the quest for the Orb.
     0 | D:1      | Reached XP level 1. HP: 18/18 MP: 1/1
   282 | D:1      | Reached XP level 2. HP: 24/24 MP: 2/2
   651 | D:1      | Reached XP level 3. HP: 17/29 MP: 3/3
  1169 | D:2      | Found a snail-covered altar of Cheibriados.
  1169 | D:2      | Found a hazy altar of Hepliaklqana.
  1171 | D:2      | Found a sacrificial altar of Ru.
  1174 | D:2      | Found a glowing golden altar of the Shining One.
  1175 | D:2      | Found a deep blue altar of Sif Muna.
  1353 | D:2      | Reached ** piety under Trog
  1388 | D:2      | Found a blossoming altar of Fedhas.
  1391 | D:2      | Reached XP level 4. HP: 36/36 MP: 4/4
  1441 | D:2      | Noticed Sigmund
  1456 | D:2      | Killed Sigmund
  1456 | D:2      | Reached skill level 1 in Maces & Flails
  1456 | D:2      | Reached XP level 5. HP: 42/42 MP: 5/5
  1456 | D:2      | Reached XP level 6. HP: 48/48 MP: 6/6
  1566 | D:2      | Found a bloodstained altar of Trog.
  1630 | D:2      | Found a burning altar of Makhleb.
  1630 | D:2      | Noticed a blizzard demon
  1634 | D:2      | Noticed a neqoxec
  1634 | D:2      | Noticed a ynoxinul
  1851 | D:3      | Noticed Robin
  1887 | D:3      | Killed Robin
  2076 | D:3      | Found a glowing drain.
  2123 | D:3      | Noticed Folque's ghost (amateur OpWz)
  2135 | D:3      | HP: 3/72 [orc/mace (4)]
  2135 | D:3      | Slain by Folque's ghost

Skill      XL: |  1  2  3  4  5  6 |
---------------+-------------------+-----
Fighting       | 4 |  4.1
Axes           | 4 |  4.4
Maces & Flails | 1 2 |  2.2
Dodging        | 3 |  3.5
Throwing       | |  0.4
Armour         | |  2.4
Stealth        | |  0.4
Shields        | |  0.6

Action                   |  1- 3 |  4- 6 || total
-------------------------+-------+-------++-------
Melee: Hand axe          |    69 |       ||    69
       Whip              |    24 |   116 ||   140
Throw: Tomahawk          |     2 |       ||     2
Invok: Burn Spellbooks   |       |     1 ||     1
       Berserk           |       |     1 ||     1
       Trog's Hand       |       |     1 ||     1
  Use: Scroll            |     3 |     5 ||     8
       Potion            |     1 |     3 ||     4
  Eat: Bread ration      |     1 |       ||     1
       Chunk             |       |     1 ||     1
Armor: Animal skin       |    24 |       ||    24
       Scale mail        |     2 |     2 ||     4
       Robe              |       |     8 ||     8
Dodge: Dodged            |    58 |    49 ||   107
Block: Buckler           |     9 |    16 ||    25
